← All builds
Front / Armada / Economy first / OBSERVED BUILD

Standard front

Standard Front economy-first opening with Bot Lab and Vehicle Plant thrown down almost immediately, transitioning into a mixed Blitz/Rocketeer/Pawn/Janus army feeding the middle over the game.

#eco · 995 distinct matches · 134 players · 75% of Armada Front games · team won 63% of 1135 · Recently observed

HOW TO PLAY IT

Key timing: Vehicle Plant by 0:47

  1. Open 3 mex then Bot Lab and Vehicle Plant almost together.
  2. Layer wind while both labs start producing.
  3. Send early units to coast first to stop leaks, not middle.
  4. Add Construction Turrets as "Blitz", "Rocketeer", "Janus" mix builds up.
  5. Transition into Advanced Metal Extractor once T2 con is out.

Phase by phase

TYPICAL OF ITS 995 GAMES
  1. 1
  2. 2
  3. 3
PLAY THE OPENING

Follow the example game's first 6:00 step by step: what to build now, what comes next, and where it goes. At 1× it keeps pace with your own game.

  1. 1

    Up to the Bot Lab

    Economy
    • Metal Extractor2Mex
    • Wind Turbine1Wind
    Order
    1. Bot LabBot Lab after 3 mex, 1 winddone ~0:45, middle half 0:35–8:31

    Some games also: Vehicle Plant (41%)

    By 0:28 in all: 2 mex · 1 wind

    The example game in this phase · 3 steps
    1. Mex ×2
    2. Wind ×2
    3. Bot LabBot Labdone 0:46 · typical 0:45
  2. 2

    Bot Lab to 5:00

    Economy
    • Metal Extractor4Mex
    • Wind Turbine3Wind
    Army
    • Sentry1 Sentry

    Some games also: rocketeer (46%) · con bot (44%) · Lazarus (44%) · tick (41%) · centurion (36%)

    By 5:00 in all: 6 mex · 7 wind

    The example game in this phase · 23 steps
    1. TickTick ×4
    2. Construction BotCon bot ×3
    3. TickTick ×4
    4. Construction BotCon bot
    5. PawnPawn ×3
    6. RocketeerRocketeer
    7. Mex
    8. RocketeerRocketeer ×4
    9. Mex
    10. RocketeerRocketeer ×2
    11. Mex
    12. RocketeerRocketeer ×2
    13. Mex
    14. RocketeerRocketeer
    15. TickTick
    16. RocketeerRocketeer
    17. SentrySentry
    18. RocketeerRocketeer ×6
    19. TickTick ×2
    20. RocketeerRocketeer ×3
    21. Construction BotCon bot
    22. Con turret
    23. Construction BotCon bot
  3. 3

    5:00 to 10:00

    Economy
    • Metal Extractor1Mex
    • Wind Turbine14Wind
    Builders
    • Construction Turret2 Con turret
    Army
    • Sentry1 Sentry

    Some games also: energy storage (46%) · rocketeer (39%) · blitz (38%) · pawn (36%) · Lazarus (36%)

    By 10:00 in all: 7 mex · 25 wind · 1 energy storage · 3 con turret

    The example game in this phase · 166 steps
    1. Construction BotCon bot
    2. Wind ×4
    3. SentrySentry
    4. Wind
    5. CenturionCenturion
    6. LazarusLazarus
    7. Wind
    8. SentrySentry
    9. Dragon's TeethDragon's Teeth
    10. Wind
    11. Dragon's TeethDragon's Teeth
    12. LazarusLazarus
    13. Wind ×2
    14. CenturionCenturion
    15. Wind
    16. Radar TowerRadar Tower
    17. CenturionCenturion
    18. Energy storage
    19. SentrySentry
    20. RocketeerRocketeer ×2
    21. Con turret
    22. RocketeerRocketeer ×3
    23. Advanced Metal ExtractorT2 mexdone 8:13 · typical 8:53
    24. Con turret
    25. Dragon's TeethDragon's Teeth
    26. PawnPawn ×4
    27. Wind
    28. Radar TowerRadar Tower
    29. TickTick
    30. PawnPawn
    31. Wind
    32. Dragon's TeethDragon's Teeth
    33. RoverScout
    34. Dragon's TeethDragon's Teeth
    35. PawnPawn
    36. Dragon's TeethDragon's Teeth ×2
    37. PawnPawn
    38. Mex
    39. Wind
    40. PawnPawn
    41. SentrySentry
    42. Radar TowerRadar Tower
    43. Wind
    44. PawnPawn
    45. Wind
    46. SentrySentry
    47. Wind
    48. Converter
    49. Advanced Metal ExtractorT2 mex
    50. Wind
    51. Converter
    52. SentrySentry
    53. Wind
    54. SentrySentry
    55. Wind
    56. Converter
    57. Advanced Metal ExtractorT2 mex
    58. Wind
    59. SentrySentry
    60. Converter
    61. Wind ×2
    62. Converter
    63. Wind
    64. SentrySentry
    65. Converter
    66. Wind
    67. SentrySentry
    68. Wind ×4
    69. Bot LabBot Labdone 9:48
    70. Advanced Metal ExtractorT2 mex
    71. Wind ×2
    72. CenturionCenturion
    73. Wind
    74. CenturionCenturion
    75. HarpoonHarpoon
    76. Wind
    77. CenturionCenturion
    78. Wind
    79. HarpoonHarpoon
    80. CenturionCenturion
    81. Wind
    82. PawnPawn
    83. Wind
    84. PawnPawn ×2
    85. Wind
    86. PawnPawn
    87. Wind
    88. HarpoonHarpoon
    89. PawnPawn
    90. Wind
    91. PawnPawn
    92. Advanced Metal ExtractorT2 mex
    93. Wind
    94. CenturionCenturion
    95. Wind
    96. Con turret
    97. CenturionCenturion
    98. Wind
    99. Con turret
    100. CenturionCenturion
    101. Wind
    102. Con turret
    103. Advanced solar
    104. Aircraft PlantAircraft Plantdone 11:33
    105. CenturionCenturion
    106. Advanced solar
    107. Wind
    108. CenturionCenturion
    109. OspreyHeavy transport
    110. Wind
    111. Advanced solar
    112. PawnPawn
    113. Wind
    114. RattlesnakeRattlesnakedone 12:51
    115. Wind
    116. BlinkScout planefor Air
    117. PawnPawn
    118. Wind ×2
    119. PawnPawn
    120. Wind ×3
    121. PawnPawn
    122. Wind ×2
    123. TickTick ×2
    124. Dragon's TeethDragon's Teeth
    125. TickTick
    126. Dragon's TeethDragon's Teeth
    127. TickTick
    128. Dragon's TeethDragon's Teeth ×2
    129. TickTick
    130. Dragon's TeethDragon's Teeth
    131. TickTick ×2
    132. Wind
    133. TickTick ×3
    134. PawnPawn
    135. LazarusLazarus
    136. Advanced Bot LabAdvanced Bot Labdone 13:40
    137. CenturionCenturion
    138. Con turret
    139. Wind
    140. Con turret
    141. PlatypusPlatypus
    142. Wind
    143. PlatypusPlatypus
    144. Wind
    145. PlatypusPlatypus
    146. Wind
    147. PlatypusPlatypus
    148. Wind
    149. PlatypusPlatypus
    150. Wind
    151. PlatypusPlatypus
    152. Wind
    153. PlatypusPlatypus
    154. Wind
    155. PlatypusPlatypus
    156. Wind
    157. PlatypusPlatypus ×2
    158. Advanced Construction BotT2 con bot
    159. Converter ×2
    160. PlatypusPlatypus
    161. Converter
    162. PlatypusPlatypus
    163. Converter ×2
    164. PlatypusPlatypus
    165. Fusion ReactorFusionnot finished by 15:00
    166. Converter ×2

Counts are medians over the build's games: half of them build more, half fewer. The example game is Immort's (57 OS, 28/09/2026); pick another.

Team trades

IN AT LEAST 30% OF ITS GAMES

You hand over

Nothing regular.

You get

  • Tidal Generator4 Tidal from Pondfirst at 0:18 · in 68% of games
  • Advanced Construction Bot1 T2 con bot from Geo or Techfirst at 7:18 · in 67% of games

How it plays out

Typical game of this build, running totals by minute

Metal produced

010k20k30k
0:005:0010:0015:00

metal

Enemy metal destroyed

05k10k
0:005:0010:0015:00

metal

Own metal lost

05k10k
0:005:0010:0015:00

metal

1135 games.

Show as table
ByMetal produced: This buildEnemy metal destroyed: This buildOwn metal lost: This build
1:0033300
2:008462131
3:001625141105
4:002716541333
5:0038681199818
6:00507821121522
7:00633029862420
8:00766238713347
9:00908846794310
10:001069553235055
11:001262358215711
12:001484663856524
13:001745070107236
14:002018376238103
15:002272383748946
WHAT THE NUMBERS SAY

Standard Front play wins more often than suicide front and produces more metal by 15:00, reflecting its safer positioning.

  • + Metal produced reaches 22219 by 15:00, above suicide front's 19882
  • + Own losses of 8949 stay under enemy metal destroyed's near-equal 8347
  • − First unit lost by 1:44 shows exposure even from the safer side
  • − Wider gap to defend demands disciplined coast-then-mid unit movement
THE EXAMPLE YOU ARE READING

Immort

56.8 OS · 28/09/2026

Open source match ↗

5 received units · includes a constructor
2167 metal received · 18397 energy received

Allied construction assistance is unknown. Timings are observations, not a promise of solo reproducibility.

Typical milestones

Bot Lab0:45Middle 50%: 0:35–8:31 · n=716
Vehicle Plant0:47Middle 50%: 0:37–0:58 · n=805
Advanced Metal Extractor8:53Middle 50%: 8:02–10:02 · n=910

Played most by

Hummell97games of this buildhaaven93games of this buildLeohvm83games of this buildXad63games of this buildImmort40games of this build